 Dungeon Crawl Stone Soup version 0.30-a0-1123-gabc949cf19 (webtiles) character file.

Game seed: 598315259682311352

536 Mgcat the Conjurer (level 7, -4/47 (53) HPs)
             Began as an Armataur Air Elementalist on Apr 22, 2023.
             Slain by a wight
             ... wielding a +3 spear
              (8 damage)
             ... on level 4 of the Dungeon.
             The game lasted 00:06:01 (3975 turns).

Mgcat the Conjurer (Armataur Air Elementalist)      Turns: 3975, Time: 00:06:02

HP:   -4/47 (53)    AC:  4    Str: 13    XL:     7   Next: 4%
MP:   10/21         EV: 10    Int: 18    God:
Gold: 297           SH:  0    Dex: 16    Spells: 11/12 levels left

rFire   . . .        y - +0 short sword (venom)
rCold   . . .        (no shield)
rNeg    . . .        a - +0 robe
rPois   .            (no helmet)
rElec   .            (no cloak)
rCorr   .            (no gloves)
SInv    .            (no barding)
Will    .....        (no amulet)
Stlth   ++           f - ring of magical power {MP+9}
HPRegen 0.27/turn    o - +6 ring of dexterity
MPRegen 0.17/turn

%: roll
@: heavily drained
A: large, rugged brown scales 3, deformed body, armoured tail, roll, long
tongue, awkward tongue
a: no special abilities


You were on level 4 of the Dungeon.
You visited 1 branch of the dungeon, and saw 4 of its levels.

You collected 297 gold pieces.

Inventory:

Hand Weapons
 y - a +0 short sword of venom (weapon)
   (You took it off an orc on level 4 of the Dungeon)
Armour
 a - a +0 robe (worn)
Jewellery
 f - a ring of magical power (left hand) {MP+9}
   (You found it on level 1 of the Dungeon)
 o - a +6 ring of dexterity (right hand)
   (You found it on level 2 of the Dungeon)
Wands
 t - a wand of iceblast (9)
   (You found it on level 3 of the Dungeon)
Scrolls
 g - 2 scrolls of blinking {!r}
 i - a scroll of teleportation {unknown}
 j - a scroll of amnesia {unknown}
 k - a scroll of poison {!r}
 m - 2 scrolls of enchant armour {unknown}
 n - a scroll of brand weapon {unknown}
 p - a scroll of identify {unknown}
 s - 2 scrolls of enchant weapon {unknown}
 x - a scroll of noise {unknown}
Potions
 b - 2 potions of magic
 d - a potion of degeneration {unknown}
 h - 3 potions of curing {unknown}
 l - a potion of resistance {unknown}
 q - a potion of berserk rage {unknown}
 r - 2 potions of might {unknown}
 u - a potion of heal wounds {unknown}
 w - a potion of cancellation {unknown}


   Skills:
 - Level 1.3 Dodging
 - Level 2.1 Stealth
 + Level 3.4 Spellcasting
 * Level 4.8 Conjurations
 + Level 4.2 Air Magic


You had 11 spell levels left.
You knew the following spells:

 Your Spells              Type           Power      Damage    Failure   Level
a - Shock                 Conj/Air       76%        1d7       2%          1

Your spell library contained the following spells:

 Spells                   Type           Power      Damage    Failure   Level
 Static Discharge         Conj/Air       38%        2-4/arc   3%          2
 Kiss of Death            Conj/Necr      44%        2d8       6%          1
 Swiftness                Air            18%        N/A       9%          3
 Poisonous Vapours        Pois/Air       20%        N/A       10%         2
 Mephitic Cloud           Conj/Pois/Air  14%        N/A       13%         3
 Sublimation of Blood     Necr           3%         N/A       24%         2
 Wereblood                Tmut           3%         N/A       24%         2
 Airstrike                Air            9%         2d(2-18)  26%         4
 Confusing Touch          Hex            3%         N/A       43%         3
 Portal Projectile        Hex/Tloc       6%         N/A       43%         3
 Tukima's Dance           Hex            3%         N/A       43%         3
 Freezing Cloud           Conj/Ice/Air   7%         6-21      77%         5
 Dispel Undead            Necr           3%         3d7       83%         4
 Blade Hands              Tmut           1%         N/A       99%         5
 Summon Hydra             Summ           1%         N/A       100%        7


Dungeon Overview and Level Annotations

Branches:
Dungeon (4/15)
 Temple: D:4-7

Altars:


Innate Abilities, Weirdness & Mutations

You are completely covered in rugged brown scales. (AC +3, +7% HP)
Armour fits poorly on your strangely shaped body.
You have a long armoured tail.
You roll when moving toward enemies. (Rampage)
Your long tongue fully drains potion bottles. (2x potion effects)
Your tongue gives you trouble enunciating. (1.5x scroll delay)


Message History

Confirm with . or Enter, or press ? or * to list all spells.
Aiming: Shock (safe; 2% risk of failure)
Press: ? - help, Shift-Dir - straight line, f/p - wight
Aim: a wight, wielding a +0 antimagic hand axe and wearing a +0 robe (severely damaged, 71% to hit)
The zap hits the wight but does no damage.
The wight is severely damaged.
The wight closely misses you.
Warning x2: The wight can drain you in melee! x2
Casting: Shock (safe; 2% risk of failure)
Confirm with . or Enter, or press ? or * to list all spells.
Aiming: Shock (safe; 2% risk of failure)
Press: ? - help, Shift-Dir - straight line, f/p - wight
Aim: a wight, wielding a +0 antimagic hand axe and wearing a +0 robe (severely damaged, 71% to hit)
The zap hits the wight.
The wight is almost destroyed.
A wight comes into view. It is wielding a +3 spear.
The wight hits you with a +0 antimagic hand axe.
You feel drained.
You take 9 damage, and have 39/47 hp.
You now have 14/20 mp.
Warning x3: The wight (wandering) can drain you in melee!
The wight can drain you in melee! x2
Casting: Shock (safe; 2% risk of failure)
Confirm with . or Enter, or press ? or * to list all spells.
Aiming: Shock (safe; 2% risk of failure)
Press: ? - help, Shift-Dir - straight line, f/p - wight
Aim: a wight, wielding a +0 antimagic hand axe and wearing a +0 robe (almost destroyed, 71% to hit)
The zap hits the wight.
You destroy the wight!
Your life force feels restored.
You have reached level 7!
You regained 5 hp, and now have 44/53 hp.
You now have 13/21 mp.
Warning x2: The wight can drain you in melee! x2
Unknown command.
There is an open door here.
You see here an iguana corpse.
The wight attacks as you move away! The wight barely misses you.
The wight attacks as you move away! The wight hits you with a +0 scimitar!
You feel drained.
You take 8 damage, and have 38/51 hp.
Warning x2: The wight can drain you in melee! x2
The wight attacks as you move away! The wight closely misses you.
Things that are here:
a +5 battleaxe; a +0 robe
Casting: Shock (safe; 2% risk of failure)
Confirm with . or Enter, or press ? or * to list all spells.
Aiming: Shock (safe; 2% risk of failure)
Press: ? - help, Shift-Dir - straight line, f - wight
Aim: a wight, wielding a +0 scimitar and wearing a +0 robe (71% to hit)
The zap hits the wight.
The wight is moderately damaged.
The wight barely misses you.
You now have 14/21 mp.
Warning x2: The wight can drain you in melee! x2
Casting: Shock (safe; 2% risk of failure)
Confirm with . or Enter, or press ? or * to list all spells.
Aiming: Shock (safe; 2% risk of failure)
Press: ? - help, Shift-Dir - straight line, f/p - wight
Aim: a wight, wielding a +0 scimitar and wearing a +0 robe (moderately damaged, 71% to hit)
The zap misses the wight.
The wight barely misses you.
You now have 13/21 mp.
Warning x2: The wight can drain you in melee! x2
Casting: Shock (safe; 2% risk of failure)
Confirm with . or Enter, or press ? or * to list all spells.
Aiming: Shock (safe; 2% risk of failure)
Press: ? - help, Shift-Dir - straight line, f/p - wight
Aim: a wight, wielding a +0 scimitar and wearing a +0 robe (moderately damaged, 71% to hit)
The zap misses the wight.
The wight hits you with a +0 scimitar.
You take 5 damage, and have 34/51 hp.
You now have 12/21 mp.
Warning x2: The wight can drain you in melee! x2
Casting: Shock (safe; 2% risk of failure)
Confirm with . or Enter, or press ? or * to list all spells.
Aiming: Shock (safe; 2% risk of failure)
Press: ? - help, Shift-Dir - straight line, f/p - wight
Aim: a wight, wielding a +0 scimitar and wearing a +0 robe (moderately damaged, 71% to hit)
The zap hits the wight but does no damage.
The wight is moderately damaged.
The wight hits you with a +0 scimitar!
You take 13 damage, and have 21/51 hp.
MASSIVE DAMAGE!!
You now have 11/21 mp.
Warning x2: The wight can drain you in melee! x2
Casting: Shock (safe; 2% risk of failure)
Confirm with . or Enter, or press ? or * to list all spells.
Aiming: Shock (safe; 2% risk of failure)
Press: ? - help, Shift-Dir - straight line, f/p - wight
Aim: a wight, wielding a +0 scimitar and wearing a +0 robe (moderately damaged, 71% to hit)
The zap hits the wight.
The wight is heavily damaged.
The wight completely misses you. The wight hits you with a +0 scimitar.
You feel drained.
You take 5 damage, and have 16/49 hp.
You now have 10/21 mp.
Warning x2: The wight can drain you in melee! x2
Casting: Shock (safe; 2% risk of failure)
Confirm with . or Enter, or press ? or * to list all spells.
Aiming: Shock (safe; 2% risk of failure)
Press: ? - help, Shift-Dir - straight line, f/p - wight
Aim: a wight, wielding a +0 scimitar and wearing a +0 robe (heavily damaged, 71% to hit)
The zap misses the wight.
The wight hits you with a +0 scimitar!
* * * LOW HITPOINT WARNING * * *
You feel drained.
The wight hits you from afar with a +3 spear!
You die...

*,*,........# *#.,*#.#
#,*,#.......* **.##.#
#.###..z...,* *,...##
#.........,** ***#).#
##..#....#** #.)##### .......).#
#.."...#### ****#....#
#.####....## ###†##############.#
####..# #.......zz@......# ##.#
******##################******#..
,,,,,,,,,,,,,,,,,,,,,,,,,.......>
*************************########


You could see 2 wights.

Vanquished Creatures
  2 phantoms (D:4)
  2 wights (D:4)
  2 hounds (D:4)
  An orc priest (D:3)
  A sleepcap (D:4)
  2 iguanas (D:4)
  3 adders (D:3)
  An ufetubus (D:4)
  2 worms (D:3)
  9 orcs
  7 endoplasms
  A giant cockroach (D:1)
  7 hobgoblins
  4 jackals (D:3)
  3 quokkas
  4 ball pythons (D:1)
  5 bats
  6 frilled lizards
  6 goblins
  6 kobolds
  4 rats
78 creatures vanquished.

Vanquished Creatures (others)
  7 withered plants (D:4)
7 creatures vanquished.

Grand Total: 85 creatures vanquished

Notes
Turn   | Place    | Note
-------+----------+-------------------------------------------
     0 | D:1      | Mgcat the Armataur Air Elementalist began the quest for the
                  | Orb.
     0 | D:1      | Reached XP level 1. HP: 14/14 MP: 3/3
    58 | D:1      | Reached skill level 1 in Conjurations
   474 | D:1      | Reached XP level 2. HP: 21/21 MP: 4/4
   518 | D:1      | Reached skill level 2 in Spellcasting
   980 | D:1      | Reached skill level 3 in Air Magic
  1190 | D:2      | Reached skill level 2 in Conjurations
  1263 | D:2      | Reached XP level 3. HP: 27/27 MP: 6/6
  2140 | D:3      | Reached XP level 4. HP: 35/35 MP: 6/7
  2608 | D:3      | Reached skill level 3 in Conjurations
  3159 | D:4      | Reached XP level 5. HP: 40/40 MP: 9/9
  3208 | D:4      | Noticed a phantom
  3228 | D:4      | Killed a phantom
  3294 | D:4      | Noticed a phantom
  3309 | D:4      | Reached skill level 3 in Spellcasting
  3359 | D:4      | Killed a phantom
  3360 | D:4      | Reached skill level 4 in Conjurations
  3360 | D:4      | Reached XP level 6. HP: 29/48 MP: 7/10
  3516 | D:4      | Reached skill level 4 in Air Magic
  3960 | D:4      | Reached XP level 7. HP: 44/53 MP: 12/12
  3975 | D:4      | HP: 4/49 [wight/+0 scimitar (12)]
  3975 | D:4      | Slain by a wight

Illustrated notes

Levels and vault maps discovered:
D:1:      dpeg_arrival_radiant, layout_basic, minmay_door_square
D:2:      layout_rooms
D:3:      layout_loops_ring
D:4:      layout_basic, kiku_gazebo_garden_becter,
          mainiacjoe_overflow_two_lobes, minmay_circle_x, uniq_natasha

Skill      XL: |  1  2  3  4  5  6 |
---------------+-------------------+-----
Conjurations   | 1 2 3 4 |  4.8
Spellcasting   | 2 3 |  3.4
Air Magic      | 3 4 |  4.2
Dodging        | |  1.3
Stealth        | |  2.1

Action                     |  1- 3 |  4- 6 |  7- 9 || total
---------------------------+-------+-------+-------++-------
  Melee: Dagger            |     7 |     8 |       ||    15
         Tailslap          |     2 |     1 |       ||     3
   Cast: Shock             |   116 |   140 |     6 ||   262
    Use: Scroll            |       |     3 |       ||     3
 Armour: Robe              |    11 |    10 |       ||    21
  Dodge: Dodged            |    25 |    34 |     5 ||    64

Table legend: (Time is in decaauts)
 A = Elapsed time spent in this place.
 B = Non-inter-level travel time spent in this place.
 C = Inter-level travel time spent in this place.
 D = Time resting spent in this place.
 E = Time spent auto-exploring this place.
 F = Levels seen in this place.
 G = Mean time per level.
                   A        B        C        D        E       F      G
               +--------+--------+--------+--------+--------+-----+--------+
         Total |   3973 |   3894 |     79 |    586 |   2770 |   4 |  993.2 |
       Dungeon |   3973 |   3894 |     79 |    586 |   2770 |   4 |  993.2 |
               +--------+--------+--------+--------+--------+-----+--------+

Top non-repeatable levels by time:
     D:3: 1192 daAuts
     D:1: 1168 daAuts
     D:4: 988 daAuts
     D:2: 624 daAuts

Table legend:
 A = Kills in this place as a percentage of kills in the entire game.
 B = Kills by you in this place as a percentage of kills by you in the entire game.
 C = Kills by friends in this place as a percentage of kills by friends in the entire game.
 D = Other kills in this place as a percentage of other kills in the entire game.
 E = Experience gained in this place as a percentage of experience gained in the entire game.
 F = Experience gained in this place divided by the number of levels of this place that you have seen.
                   A       B       C       D       E      F
               +-------+-------+-------+-------+-------+----------------------
         Total | 100.0 | 100.0 |   N/A |   N/A | 100.0 | 191.8
       Dungeon | 100.0 | 100.0 |   N/A |   N/A | 100.0 | 191.8
               +-------+-------+-------+-------+-------+----------------------
